 Dungeon Sprint DCSS version 0.22.1-1-ga44c0e56f4 (webtiles) character file.

190 MuseOD the Firebug (level 5, -4/47 (48) HPs)
             Began as a Hill Orc Fire Elementalist on Oct 4, 2018.
             Killed from afar by a necromancer (14 damage)
             ... with a bolt of cold
             ... in the Dungeon (Sprint III: "The Ten Rune Challenge").
             The game lasted 00:01:53 (709 turns).

MuseOD the Firebug (Hill Orc Fire Elementalist)      Turns: 709, Time: 00:01:54

HP:   -4/47 (48)    AC:  3    Str: 11    XL:     5   Next: 69%
MP:   1/12          EV: 13    Int: 16    God:
Gold: 11            SH:  0    Dex: 11    Spells: 3/13 levels left

rFire    . . .     SeeInvis .   j - +2 quarterstaff (chaos)
rCold    . . .     Gourm    .   (shield currently unavailable)
rNeg     . . .     Faith    .   a - +0 robe
rPois    .         Spirit   .   (no helmet)
rElec    .         Reflect  .   b - +0 cloak
rCorr    .         Harm     .   (no gloves)
MR       .....     NoTele   +   (no boots)
Stlth    ++........             (no amulet)
HPRegen  0.00/turn              (no ring)
MPRegen  0.13/turn              (no ring)

@: non-regenerating, diseased
A: no striking features
a: no special abilities


You were in the Dungeon.
You were not hungry.

You visited 1 branch You collected 11 gold pieces.

Inventory:

Hand Weapons
 j - a +2 quarterstaff of chaos (weapon)
Armour
 a - a +0 robe (worn)
 b - a +0 cloak (worn)
Scrolls
 i - a scroll of blinking
 k - a scroll of holy word {unknown}
 l - 7 scrolls of identify
 m - a scroll of immolation {unknown}
 n - 2 scrolls of remove curse
Potions
 d - 3 potions of curing
 e - a potion of heal wounds
 f - a potion of haste
 g - 2 potions of magic
 h - a potion of berserk rage
 o - 2 potions of flight
 p - 5 potions of mutation
Comestibles
 c - 4 rations


   Skills:
 + Level 5.1 Fighting
 + Level 3.8 Dodging
 + Level 4.1 Stealth
 * Level 4.6 Spellcasting
 + Level 4.1 Conjurations
 + Level 5.6 Fire Magic


You had 3 spell levels left.
You knew the following spells:

 Your Spells              Type           Power        Failure   Level  Hunger
a - Flame Tongue          Conj/Fire      ###..        1%          1    None
b - Throw Flame           Conj/Fire      ###...       3%          2    ##.....
c - Conjure Flame         Conj/Fire      ###.....     6%          3    ###....
d - Sticky Flame          Conj/Fire      ###.....     21%         4    ####...

Your spell library contained the following spells:

 Spells                   Type           Power        Failure   Level  Hunger
 Inner Flame              Hex/Fire       ##......     14%         3    ###....
 Fireball                 Conj/Fire      ###.......   50%         5    ######.


Dungeon Overview and Level Annotations

Branches:
Dungeon (1/1)

Altars:
Dithmenos
Ru
Yredelemnul


Message History

Aiming: Flame Tongue (safe; 1% risk of failure)
Press: ? - help, Shift-Dir - straight line, f/p - necromancer
Aim: a necromancer, wielding a dagger and wearing a robe (almost dead)
The flame tongue hits the necromancer.
The necromancer is almost dead.
The necromancer hits you with a dagger.
Casting: Flame Tongue (safe; 1% risk of failure)
Confirm with . or Enter, or press ? or * to list all spells.
You don't have enough magic to cast that spell.
You closely miss the necromancer.
The necromancer is almost dead.
The necromancer gestures at you while chanting.
The bolt of cold hits you!
Ouch! That really hurt!
* * * LOW HITPOINT WARNING * * *
You closely miss the necromancer.
The necromancer is almost dead.
The necromancer points at you and mumbles some strange words.
The bolt of cold hits you!
You die...

▓▓▓ ## ##.# ###
.#####..# __#
÷.#..#..# /_#
..#..#..###+#+###p##
..##'#..#.......@..#
..###...'.⌠........#
.####...#...######+#
.###....#.⌠.#
.##.....#...#
.#......#+###
#.#.....# ####....#
▓▓▓▓▓▓


You could see a necromancer.

Vanquished Creatures
  A necrophage (D)
  A water elemental (D)
  Crazy Yiuf (D)
  A human (D)
  An ooze (D)
  3 rats (D)
8 creatures vanquished.

Vanquished Creatures (others)
  2 draconian scorchers (D)
  6 hellions (D)
  A yaktaur (D)
9 creatures vanquished.

Grand Total: 17 creatures vanquished

Notes
Turn   | Place    | Note
-------+----------+-------------------------------------------
     0 | D        | MuseOD the Hill Orc Fire Elementalist began the quest for
                  | the Orb.
     0 | D        | Reached XP level 1. HP: 14/14 MP: 3/3
    16 | D        | Reached skill level 1 in Fighting
    95 | D        | Killed a hellion
    97 | D        | Reached XP level 2. HP: 23/23 MP: 2/4
   100 | D        | Killed a hellion
   125 | D        | Killed a hellion
   145 | D        | Killed a hellion
   151 | D        | Killed a hellion
   160 | D        | Killed a hellion
   202 | D        | Killed a yaktaur
   209 | D        | Killed a white draconian scorcher
   224 | D        | Learned a level 2 spell: Throw Flame
   228 | D        | Noticed Crazy Yiuf
   232 | D        | Killed a white draconian scorcher
   243 | D        | Killed Crazy Yiuf
   243 | D        | Reached XP level 3. HP: 30/30 MP: 0/7
   381 | D        | Learned a level 3 spell: Conjure Flame
   556 | D        | Noticed a water elemental
   560 | D        | Killed a water elemental
   560 | D        | Reached skill level 5 in Fire Magic
   560 | D        | Reached XP level 4. HP: 40/40 MP: 1/9
   566 | D        | Learned a level 4 spell: Sticky Flame
   700 | D        | Found a basalt altar of Yredelemnul.
   700 | D        | Found a shadowy altar of Dithmenos.
   700 | D        | Found a sacrificial altar of Ru.
   700 | D        | Noticed a necrophage
   705 | D        | Killed a necrophage
   705 | D        | Reached skill level 5 in Fighting
   705 | D        | Reached XP level 5. HP: 42/47 MP: 2/12
   709 | D        | Killed from afar by a necromancer

Skill      XL: |  1  2  3  4 |
---------------+-------------+-----
Fighting       | 1 2 4 5 |  5.1
Dodging        | 2 3 |  3.8
Stealth        | 2 3 4 |  4.1
Spellcasting   | 2 3 4 |  4.6
Conjurations   | 2 3 4 |  4.1
Fire Magic     | 4 5 |  5.6

Action                   |  1- 3 |  4- 6 || total
-------------------------+-------+-------++-------
Melee: Unarmed           |     6 |       ||     6
       Quarterstaff      |     8 |     3 ||    11
 Cast: Flame Tongue      |    15 |     6 ||    21
       Conjure Flame     |     2 |       ||     2
       Sticky Flame      |       |     1 ||     1
Armor: Robe              |     1 |     1 ||     2
Dodge: Dodged            |    15 |     3 ||    18
